 Dungeon Crawl Stone Soup version 0.30-a0-373-gd37427bb62 (webtiles) character file.

Game seed: 13394285952493374668

3051 unlimited1921 the Thaumaturge (level 10, -5/61 HPs)
             Began as a Djinni Fire Elementalist on Nov 23, 2022.
             Was an Initiate of Fedhas.
             Shot with a sling bullet by a vampire (15 damage)
             ... on level 7 of the Dungeon.
             The game lasted 00:47:26 (10315 turns).

unlimited1921 the Thaumaturge (DjFE)               Turns: 10315, Time: 00:47:30

Health: -5/61      AC:  9    Str:  7    XL:     10   Next: 11%
Gold:   354        EV: 10    Int: 22    God:    Fedhas [......] SH:  5 Dex: 13

rFire   + + +      SeeInvis .    m - +10 spear of the Dragonfly {elec, Drain rF++ rC++}
rCold   + + .      Faith    .    x - +2 buckler
rNeg    . . .      Spirit   .    l - +3 ring mail
rPois   ∞          Reflect  .    w - +0 helmet
rElec   .          Harm     .    j - scarf {rC+ rF+}
rCorr   .          Rampage  .    (no gloves)
Will    +....                    (boots unavailable)
Stlth   +.........               i - amulet of regeneration
HPRegen 1.10/turn                (no ring)
MPRegen 0.00/turn                (no ring)

@: flying
A: sickness immunity, fire resistance 2, cold vulnerability 1, float, innate
caster, HP casting, extra vitality 1
a: Renounce Religion


You were on level 7 of the Dungeon.
You worshipped Fedhas.
Fedhas was noncommittal.
You visited 2 branches of the dungeon, and saw 8 of its levels.
You also visited: Sewer and Ossuary.

You collected 354 gold pieces.

Inventory:

Hand Weapons
 h - a +3 shortbow of electrocution
 m - the +10 spear of the Dragonfly (weapon) {elec, Drain rF++ rC++}
   (You found it on level 6 of the Dungeon)

   It occasionally discharges a powerful burst of electricity upon striking a
   foe.
   rF:        It greatly protects you from fire.
   rC:        It greatly protects you from cold.
   Drain:     It drains your maximum health when unequipped.
 D - a +0 spear of flaming
 I - a +0 whip of venom
Missiles
 z - 8 javelins
 A - 2 throwing nets
Armour
 j - a scarf of resistance (worn)
 l - a +3 ring mail (worn)
 w - a +0 helmet (worn)
 x - a +2 buckler (worn)
Jewellery
 i - an amulet of regeneration (around neck)
 y - an amulet of the acrobat
Wands
 e - a wand of flame (28)
 v - a wand of paralysis (14)
 G - a wand of polymorph (7)
Scrolls
 a - 3 scrolls of fear {unknown}
 b - 9 scrolls of teleportation
 c - a scroll of poison
 g - 3 scrolls of magic mapping
 k - 2 scrolls of amnesia {unknown}
 p - a scroll of enchant weapon
 s - 2 scrolls of fog {unknown}
 t - 3 scrolls of summoning {unknown}
 B - 2 scrolls of blinking {unknown}
 E - a scroll of immolation
Potions
 d - 2 potions of brilliance {unknown}
 f - 3 potions of curing
 n - a potion of flight {unknown}
 o - 2 potions of lignification {unknown}
 q - 2 potions of might {unknown}
 r - a potion of invisibility {unknown}
 u - 2 potions of ambrosia {unknown}
 C - 3 potions of heal wounds
 F - a potion of mutation {unknown}
 H - a potion of degeneration {unknown}


   Skills:
 + Level 0.7 Fighting
 + Level 1.8 Polearms
 + Level 2.7 Armour
 + Level 3.5 Dodging
 + Level 2.8 Stealth
 + Level 0.9 Shields
 + Level 9.7 Spellcasting


You had 7 spell levels left.
You knew the following spells:

 Your Spells              Type           Power      Damage    Failure   Level
a - Foxfire               Conj/Fire      100%       2x1d9     1%          1
b - Scorch                Fire           100%       2d10      1%          2
c - Kindle Blastsparks    Fire/Tloc/Air  100%       2d18      1%          3
d - Inner Flame           Hex/Fire       52%        N/A       1%          3
e - Flame Wave            Conj/Fire      52%        2d13      4%          4
f - Sting                 Tmut/Pois      100%       1d8       1%          1
g - Wereblood             Tmut           52%        N/A       1%          2
h - Momentum Strike       Conj/Tloc      100%       3d10      1%          2
i - Call Canine Familiar  Summ           52%        N/A       1%          3
Your spell library was empty.

Dungeon Overview and Level Annotations

Branches:
Dungeon (7/15)             Temple (1/1) D:7           Sewer (visited)
Ossuary (visited)

Altars:
Ashenzari
Cheibriados
Elyvilon
Fedhas
Gozag
Hepliaklqana
Makhleb
Nemelex Xobeh
Okawaru
Qazlal
Trog
Uskayaw
Wu Jian
Xom
Yredelemnul
Zin
The Shining One


Innate Abilities, Weirdness & Mutations

You are immune to sickness and miasma.
You are immune to poison.
Your flesh is very heat resistant. (rF++)
You are vulnerable to cold. (rC-)
You float through the air rather than walking.
You learn spells naturally, not from books.
Your magical power is your life essence.
You have superior vitality. (+4 MHP)


Message History

* * * LOW HITPOINT WARNING * * *
The wyvern bites you but does no damage.
You feel much better. You block the wyvern's attack.
Casting: Scorch (safe; 1% risk of failure)
Confirm with . or Enter, or press ? or * to list all spells.
The wyvern bites you! x2
* * * LOW HITPOINT WARNING * * *
The wyvern attacks as you move away! You block the wyvern's attack.
The wyvern is no longer more vulnerable to fire.
The wyvern completely misses your wolf.
Your wolf completely misses the wyvern.
The wyvern barely misses your wolf.
Casting: Call Canine Familiar (safe; 1% risk of failure)
Confirm with . or Enter, or press ? or * to list all spells.
Aiming: Inner Flame (safe; 1% risk of failure)
Press: ? - help, Dir - move target, f - wyvern, p - vampire
Aim: a wyvern (lightly wounded, ally target, chance to affect: 94%)
The wyvern is filled with an inner flame.
* * * LOW HITPOINT WARNING * * *
Your wolf barely misses the wyvern.
The wyvern bites your wolf.
Your wolf bites the wyvern!
Flame seeps out of the wyvern.
Casting: Inner Flame (safe; 1% risk of failure)
Confirm with . or Enter, or press ? or * to list all spells.
Flames lash the wyvern.
Flame seeps out of the wyvern.
The wyvern is almost dead.
The wyvern's fire resistance burns away.
* * * LOW HITPOINT WARNING * * *
The wyvern is engulfed in blazing flames.
Fedhas appreciates your contribution to the ecosystem.
The wyvern explodes!
The fiery explosion engulfs your wolf!!
You kill your wolf!
Your wolf's corpse disappears in a puff of smoke!
The fiery explosion engulfs the vampire!!
Flame seeps out of the vampire.
The vampire is severely damaged.
The vampire is engulfed in blazing flames.
Flame seeps out of the vampire.
The vampire shoots a sling bullet.
The sling bullet hits you!
You die...
Fedhas appreciates your contribution to the ecosystem.

#.....## #..>.....
#......####.♣.♣.... #
#........##.....#..
...####.........#...####.
...................## ##
..................##
###...............#
###.....######..#
###.@#######..# .
#...§○V.......# ..
##...###.###....
...####...## # ##...
#....#...## ##.#
........## ........#
........# ........C...TW8


You could see a vampire (inner flame).

Vanquished Creatures
  Grinder (D:5)
  A wyvern (D:7)
  Menkaure (D:5)
  A water moccasin (D:5)
  Pargi (Sewer)
  An ice beast (D:5)
  3 ogres (D:6)
  A black bear (D:6)
  2 centaurs
  2 phantoms
  An elf zombie (Ossuary)
  A kobold brigand (D:7)
  A bullfrog (D:7)
  4 scorpions
  2 howler monkeys (D:5)
  2 centaur zombies (Ossuary)
  A hound (D:5)
  2 jellies
  5 orc priests
  2 human zombies (Ossuary)
  A gnoll bouda (D:5)
  4 iguanas
  3 orc wizards
  2 mummies (Ossuary)
  13 gnolls
  6 adders
  A river rat (D:3)
  A white imp (D:7)
  3 adder zombies (Ossuary)
  4 worms
  2 dart slugs
  14 orcs
  6 endoplasms
  2 giant cockroaches (D:3)
  12 goblins
  5 hobgoblins
  12 kobolds
  5 quokkas
  10 ball pythons
  5 bats
  5 frilled lizards
  13 hobgoblin zombies (Ossuary)
  3 jackal zombies (Ossuary)
  10 kobold zombies (Ossuary)
  3 orc zombies (Ossuary)
  2 rats (D:3)
182 creatures vanquished.

Vanquished Creatures (collateral kills)
  2 ogres
  A kobold brigand (D:7)
  A scorpion (D:6)
  2 orc priests (D:6)
  An iguana (D:6)
  An adder (D:6)
  An orc (D:6)
9 creatures vanquished.

Vanquished Creatures (others)
  An endoplasm (D:4)
  617 foxfires
618 creatures vanquished.

Grand Total: 809 creatures vanquished

Notes
Turn   | Place    | Note
-------+----------+-------------------------------------------
     0 | D:1      | unlimited1921 the Djinni Fire Elementalist began the quest
                  | for the Orb.
     0 | D:1      | unlimited1921 set off with the following spells memorised:
                  | Foxfire, Scorch, Kindle Blastsparks, Inner Flame, Flame
                  | Wave.
     0 | D:1      | Reached XP level 1. HP: 15/15 MP: 0/0
   537 | D:1      | Reached XP level 2. HP: 21/21 MP: 0/0
  1496 | D:2      | Reached skill level 3 in Spellcasting
  1753 | D:2      | Reached XP level 3. HP: 24/25 MP: 0/0
  1753 | D:2      | Learned a level 1 spell: Sting
  2677 | D:2      | Reached XP level 4. HP: 29/31 MP: 0/0
  2878 | D:2      | Identified the +1 scale mail "Enuimyot" {Fly rF- Str+9}
  3083 | D:3      | Found a glowing drain.
  3210 | Sewer    | Entered a sewer
  3262 | Sewer    | Noticed Pargi
  3629 | Sewer    | Killed Pargi
  3630 | Sewer    | Reached skill level 4 in Spellcasting
  3630 | Sewer    | Reached XP level 5. HP: 29/35 MP: 0/0
  3630 | Sewer    | Learned a level 2 spell: Wereblood
  3708 | D:3      | Noticed a phantom
  3714 | D:3      | Reached XP level 6. HP: 35/40 MP: 0/0
  3851 | D:3      | Upgraded the game from 0.30-a0-371-gad7725a93e to
                  | 0.30-a0-373-gd37427bb62
  3852 | D:3      | Reached skill level 5 in Spellcasting
  4834 | D:3      | Reached XP level 7. HP: 34/46 MP: 0/0
  4834 | D:3      | Learned a level 2 spell: Momentum Strike
  6071 | D:5      | Entered Level 5 of the Dungeon
  6113 | D:5      | Noticed Grinder
  6113 | D:5      | Noticed a water moccasin
  6137 | D:5      | Found a sand-covered staircase.
  6141 | Ossuary  | Entered an ossuary
  6816 | Ossuary  | Reached skill level 6 in Spellcasting
  6846 | Ossuary  | Reached skill level 1 in Armour
  6846 | Ossuary  | Reached XP level 8. HP: 22/51 MP: 0/0
  7145 | D:5      | Killed Grinder
  7146 | D:5      | Reached skill level 7 in Spellcasting
  7154 | D:5      | Noticed Menkaure
  7543 | D:5      | Killed Menkaure
  7676 | D:5      | Reached XP level 9. HP: 51/56 MP: 0/0
  7676 | D:5      | Learned a level 3 spell: Call Canine Familiar
  7757 | D:5      | Reached skill level 8 in Spellcasting
  8641 | D:6      | Found a bloodstained altar of Trog.
  8898 | D:6      | Reached skill level 1 in Polearms
  8972 | D:6      | Reached skill level 9 in Spellcasting
  9013 | D:6      | Identified the +10 spear of the Dragonfly {elec, Drain rF++
                  | rC++}
  9623 | D:7      | Reached XP level 10. HP: 61/61 MP: 0/0
  9888 | D:7      | Found a staircase to the Ecumenical Temple.
  9961 | Temple   | Entered the Ecumenical Temple
  9997 | Temple   | Became a worshipper of Fedhas Madash
 10289 | D:7      | Noticed a cyclops
 10289 | D:7      | Noticed a boulder beetle
 10298 | D:7      | HP: 3/61 [cyclops/large rock (21)]
 10315 | D:7      | Shot with a sling bullet by a vampire

Illustrated notes

Levels and vault maps discovered:
D:1:      wander_arrival_peaceful_grave, layout_loops_ring,
          hangedman_glass_teeth, minmay_liquid_box
D:2:      layout_basic
D:3:      layout_basic, portal_sewer_entry_c, nicolae_figureground_pulse
D:4:      layout_rooms, minmay_fractal_squares_5
D:5:      minmay_skewed_foursquare, layout_loops_ring,
          lightli_ossuary_entry_decrepit_ruins, uniq_grinder, uniq_menkaure
D:6:      layout_loops_cross, mainiacjoe_overflow_brackets,
          kennysheep_minor_cross
D:7:      minmay_the_grid_octo_2x2 [minmay_the_grid_octo_focus,
          minmay_the_grid_octo_clover_2, minmay_the_grid_octo_77,
          minmay_the_grid_octo_prize_square_snowflake], layout_layer_cave,
          minmay_temple_entry_trees, uniq_prince_ribbit1
Temple:   hc_temple_tempest_star

Skill      XL: |  1  2  3  4  5  6  7  8  9 |
---------------+----------------------------+-----
Spellcasting   | 3 4 5 6 7 9 |  9.7
Stealth        | 2 |  2.8
Armour         | 1 2 |  2.7
Dodging        | 3 |  3.5
Polearms       | 1 |  1.8
Fighting       | |  0.7
Shields        | |  0.9

Action                   |  1- 3 |  4- 6 |  7- 9 | 10-12 || total
-------------------------+-------+-------+-------+-------++-------
Melee: Unarmed           |     1 |       |       |       ||     1
       Spear             |       |       |    28 |       ||    28
 Cast: Foxfire           |    66 |    49 |   205 |    51 ||   371
       Scorch            |     1 |    17 |    41 |     2 ||    61
       Sting             |     1 |     2 |     2 |       ||     5
       Kindle Blastspark |       |    10 |    13 |     1 ||    24
       Inner Flame       |       |     3 |    19 |     8 ||    30
       Momentum Strike   |       |       |     2 |       ||     2
       Flame Wave        |       |       |     2 |       ||     2
       Call Canine Famil |       |       |     6 |     4 ||    10
  Use: Scroll            |       |     2 |    10 |       ||    12
       Potion            |       |       |     2 |     2 ||     4
 Stab: Sleeping          |       |       |     1 |       ||     1
Armor: Robe              |     2 |     2 |       |       ||     4
       Leather armour    |       |     3 |     4 |       ||     7
       Ring mail         |       |       |     6 |     1 ||     7
Dodge: Dodged            |       |    11 |    34 |       ||    45
Block: Buckler           |       |       |    14 |     4 ||    18

Table legend: (Time is in decaauts)
 A = Elapsed time spent in this place.
 B = Non-inter-level travel time spent in this place.
 C = Inter-level travel time spent in this place.
 D = Time resting spent in this place.
 E = Time spent auto-exploring this place.
 F = Levels seen in this place.
 G = Mean time per level.
                   A        B        C        D        E       F      G
               +--------+--------+--------+--------+--------+-----+--------+
         Total |  10313 |   9829 |    484 |   3896 |   3575 |  10 | 1031.3 |
       Dungeon |   8533 |   8128 |    405 |   3097 |   3358 |   7 | 1219.0 |
        Temple |    295 |    216 |     79 |      0 |    188 |   1 |  295.0 |
         Sewer |    496 |    496 |      0 |    247 |     29 |   1 |  496.0 |
       Ossuary |    987 |    987 |      0 |    552 |      0 |   1 |  987.0 |
               +--------+--------+--------+--------+--------+-----+--------+

Top non-repeatable levels by time:
     D:2: 1562 daAuts
     D:1: 1492 daAuts
     D:5: 1482 daAuts
     D:3: 1468 daAuts
     D:6: 1077 daAuts
     D:4: 1048 daAuts
 Ossuary: 987 daAuts
   Sewer: 496 daAuts
     D:7: 401 daAuts
  Temple: 295 daAuts
